AoeStats
← kkkg

Arena

509851187Analyzed
4v4 RM · 3d ago on Sep 28, 2026· 44m 22s· 8 players
Game mode
Random Map
Map size
Large (8 player)
Population
200
Speed
Normal
Resources
Standard
Victory
Conquest
Starting age
Dark Age
Ending age
Imperial Age
RankedLock teamsTeams togetherTeam positionsShared explorationLock speedFull tech treeHidden civsTurbo modeCheats
Victory
Defeat
🇰🇿 Mongols · Kazakhstan
1098
+16
🇨🇳 Huns · China
1093
+16
🇧🇪 Italians · Belgium
1081
+17
🇨🇳 Turks · China
1070
+17
🇹🇼 Khmer · Taiwan
1156
-18
🇻🇳 Slavs · Vietnam
1148
-18
1105
-17
🇨🇳 Burgundians · China
999
-13
vandut92
2:18 Loom
2:27 Loom
2:45 Loom
10:53 Feudal Age
12:43 Wheelbarrow
16:31 Castle Age
14:47 Double-Bit Axe
14:52 Horse Collar
16:17 Gold Mining
17:53 Bow Saw
19:58 Stone Mining
23:45 Heavy Plow
25:09 Hand Cart
26:10 Fletching
29:21 Imperial Age
27:03 Town Watch
27:33 Bodkin Arrow
27:04 Pikeman
27:52 Scale Mail Armor
28:34 Ballistics
28:48 Thumb Ring
28:47 Padded Archer Armor
30:03 Leather Archer Armor
29:55 Squires
31:36 Chemistry
30:55 Capped Ram
32:12 Conscription
33:11 Conscription
36:54 Conscription
36:56 Silk Road
40:17 Light Cavalry
40:58 Husbandry
42:44 Hoardings
44:15 Two-Man Saw
43:15 Elite Genoese Crossbowman
嬴政1号
10:29 Feudal Age
14:15 Castle Age
20:48 Wheelbarrow
20:12 Double-Bit Axe
21:19 Horse Collar
22:31 Hand Cart
22:51 Gold Mining
22:52 Stone Mining
23:58 Bow Saw
27:21 Gold Shaft Mining
27:32 Marauders
30:05 Imperial Age
28:08 Husbandry
28:21 Bloodlines
28:19 Scale Barding Armor
28:25 Forging
29:31 Chain Barding Armor
30:44 Iron Casting
31:30 Plate Barding Armor
31:38 Conscription
32:39 Two-Man Saw
31:43 Heavy Plow
32:02 Elite Tarkan
35:49 Blast Furnace
Big哥
12:24 Feudal Age
16:33 Castle Age
20:01 Double-Bit Axe
25:00 Horse Collar
26:30 Gold Mining
27:39 Heavy Plow
30:25 Wheelbarrow
33:53 Imperial Age
32:23 Ballistics
33:23 Fletching
33:33 Padded Archer Armor
34:03 Masonry
34:34 Hand Cart
34:49 Bodkin Arrow
35:09 Leather Archer Armor
41:17 Conscription
40:59 Artillery
41:12 Caravan
44:23 Gold Shaft Mining
BatuKhan
2:43 Loom
11:05 Feudal Age
12:06 Double-Bit Axe
16:13 Castle Age
15:05 Stone Mining
15:54 Horse Collar
21:09 Heavy Plow
24:09 Nomads
25:30 Bow Saw
27:06 Wheelbarrow
31:09 Imperial Age
29:27 Hand Cart
29:17 Gold Mining
31:25 Ballistics
31:11 Fletching
31:21 Padded Archer Armor
31:33 Forging
31:28 Scale Barding Armor
33:34 Chemistry
32:39 Bodkin Arrow
32:59 Leather Archer Armor
33:11 Bloodlines
33:01 Husbandry
33:24 Conscription
33:27 Thumb Ring
33:48 Parthian Tactics
32:58 Light Cavalry
35:06 Iron Casting
34:37 Scale Barding Armor
34:20 Hussar
35:04 Bracer
34:54 Elite Mangudai
38:17 Blast Furnace
37:37 Chain Barding Armor
37:31 Town Watch
41:48 Gold Shaft Mining
43:18 Drill
メリダ
10:35 Feudal Age
14:30 Castle Age
12:35 Double-Bit Axe
14:29 Horse Collar
16:51 Stone Mining
18:11 Loom
23:11 Bow Saw
24:49 Wheelbarrow
24:52 Heavy Plow
24:44 Gold Mining
26:03 Town Watch
29:32 Imperial Age
26:58 Light Cavalry
28:10 Ballistics
28:34 Husbandry
28:46 Bloodlines
28:51 Scale Barding Armor
28:57 Forging
29:19 Hand Cart
29:06 Fletching
31:01 Chain Barding Armor
31:17 Iron Casting
31:53 Chemistry
32:12 Conscription
32:44 Plate Barding Armor
32:58 Double Crossbow
33:05 Bodkin Arrow
35:03 Blast Furnace
33:49 Capped Ram
35:21 Heavy Scorpion
36:14 Hussar
5400100
7:48 Loom
10:03 Feudal Age
15:55 Castle Age
14:15 Double-Bit Axe
21:21 Bow Saw
23:10 Forging
25:52 Wheelbarrow
25:59 Scale Barding Armor
34:39 Hand Cart
34:22 Gold Mining
35:26 Iron Casting
38:24 Husbandry
38:36 Bloodlines
41:12 Imperial Age
kkkg
3:46 Double-Bit Axe
8:10 Horse Collar
12:30 Feudal Age
14:43 Bow Saw
16:35 Castle Age
14:40 Heavy Plow
19:45 Two-Man Saw
20:55 Wheelbarrow
22:50 Hand Cart
24:09 Gold Mining
24:16 Stone Mining
25:43 Gold Shaft Mining
25:14 Fletching
25:25 Padded Archer Armor
25:43 Forging
25:39 Scale Barding Armor
29:47 Imperial Age
27:03 Loom
27:04 Town Watch
27:53 Treadmill Crane
28:34 Ballistics
28:32 Leather Archer Armor
28:13 Bodkin Arrow
28:54 Iron Casting
28:52 Chain Barding Armor
29:29 Masonry
29:15 Murder Holes
29:32 Town Patrol
30:40 Burgundian Vineyards
30:56 Conscription
31:43 Chemistry
31:14 Architecture
32:22 Plate Barding Armor
32:48 Blast Furnace
31:48 Bracer
35:22 Elite Coustillier
37:47 Scale Mail Armor
37:45 Pikeman
38:26 Squires
38:42 Halberdier
39:49 Chain Mail Armor
这是我的弟弟约翰
10:36 Feudal Age
14:39 Castle Age
13:51 Double-Bit Axe
14:13 Horse Collar
20:10 Stone Mining
22:46 Bow Saw
24:09 Heavy Plow
25:53 Wheelbarrow
28:38 Imperial Age
26:45 Gold Mining
27:40 Hand Cart
28:19 Squires
28:31 Fletching
28:59 Pikeman
30:49 Chemistry
31:12 Crenellations
31:06 Town Watch
32:25 Two-Man Saw
30:56 Elite Skirmisher
31:34 Loom
33:01 Crop Rotation
33:09 Fortified Wall
35:32 Halberdier
38:12 Siege Engineers
38:28 Ballistics
38:19 Masonry
37:54 Arrowslits
Connection lost

Rejoining the realm…

Still unreachable

The connection could not be restored.

Session expired

The server has moved on; the page needs a fresh start.